 Dungeon Crawl Stone Soup version 0.27-a0-607-g1ad3dbde53 (webtiles) character file.

Game seed: 6470686776566768865

312 Johnny the Magician (level 6, -1/32 HPs)
             Began as a Deep Elf Earth Elementalist on Mar 13, 2021.
             Slain by Ijyb
             ... wielding a +0 dagger
              (4 damage)
             ... on level 4 of the Dungeon.
             The game lasted 00:03:22 (4553 turns).

Johnny the Magician (Deep Elf Earth Elementalist)   Turns: 4553, Time: 00:03:23

Health: -1/32      AC:  3    Str:  5    XL:     6   Next: 18%
Magic:  15/17      EV:  6    Int: 22    God:
Gold:   186        SH:  0    Dex: 15    Spells: 17/18 levels left

rFire    . . .     SeeInvis .   h - +0 dagger
rCold    + . .     Faith    .   (no shield)
rNeg     . . .     Spirit   .   c - +0 robe
rPois    .         Reflect  .   k - +0 helmet
rElec    .         Harm     .   (no cloak)
rCorr    .         Rampage  .   (no gloves)
Will     .....                  (no boots)
Stlth    +++.......             (no amulet)
HPRegen  0.10/turn              i - ring of protection from cold
MPRegen  0.15/turn              p - +4 ring of slaying

@: attractive, held
A: no striking features
a: no special abilities


You were on level 4 of the Dungeon.
You visited 1 branch of the dungeon, and saw 4 of its levels.

You collected 186 gold pieces.

Inventory:

Hand Weapons
 h - a +0 dagger (weapon)
Missiles
 b - 54 stones
Armour
 c - a +0 robe (worn)
 k - a +0 helmet (worn)
 r - a +0 buckler
Jewellery
 i - a ring of protection from cold (right hand)
 p - a +4 ring of slaying (left hand)
Wands
 u - a wand of polymorph (14)
 v - a wand of iceblast (4)
Scrolls
 e - 2 scrolls of immolation {unknown}
 f - 3 scrolls of enchant armour {unknown}
 g - a scroll of teleportation {unknown}
 j - 5 scrolls of identify {unknown}
 n - 3 scrolls of enchant weapon {unknown}
 o - a scroll of fear {unknown}
Potions
 a - a potion of attraction
 l - 2 potions of curing {unknown}
 m - a potion of flight {unknown}
 q - a potion of cancellation {unknown}
 s - a potion of brilliance {unknown}
 t - a potion of resistance {unknown}


   Skills:
 - Level 2.4 Dodging
 + Level 4.6 Stealth
 + Level 1.4 Shields
 * Level 6.9 Spellcasting
 - Level 1.1 Transmutations
 - Level 3.7 Earth Magic


You had 17 spell levels left.
You knew the following spells:

 Your Spells              Type           Power      Damage    Failure   Level
a - Sandblast             Erth           48%        2d12      1%          1

Your spell library contained the following spells:

 Spells                   Type           Power      Damage    Failure   Level
 Passwall                 Tmut/Erth      15%        N/A       4%          2
 Animate Skeleton         Necr           14%        N/A       9%          1
 Apportation              Tloc           14%        N/A       9%          1
 Corona                   Hex            7%         N/A       9%          1
 Summon Small Mammal      Summ           28%        N/A       9%          1
 Stone Arrow              Conj/Erth      30%        3d8       12%         3
 Petrify                  Tmut/Erth      18%        N/A       30%         4
 Lee's Rapid Deconstruct  Erth           12%        3d9*      45%         5


Dungeon Overview and Level Annotations

Branches:
Dungeon (4/15)
 Temple: D:4-7

Altars:
Ashenzari
Gozag
Kikubaaqudgha
Ru
Vehumet
Wu Jian
Xom
Yredelemnul

Annotations:
D:4 Ijyb


Message History

You feel much better. The gnoll hits you. The gnoll hits you with a +0 spear!
The gnoll hits you with a +0 club.
Unknown command.
Aiming: Iceblast
Press: ? - help, Shift-Dir - straight line, f/p - gnoll
Aim: a gnoll, wielding a +0 spear (moderately wounded) That beam is likely to hit you.
Continue anyway?
The mass of ice explodes!
The iceblast engulfs the gnoll!
You kill the gnoll!
The iceblast engulfs you! You partially resist.
* * * LOW HITPOINT WARNING * * *
The iceblast engulfs the gnoll!!
You kill the gnoll!
The iceblast engulfs the gnoll!
You kill the gnoll!
The iceblast engulfs Ijyb!
Ijyb is severely wounded.
Unknown command.
Unknown command.
Unknown command.
Aiming: Polymorph
Press: ? - help, Shift-Dir - straight line, f - Ijyb
Aim: Ijyb, wielding a +0 dagger, wearing a +0 ring mail and carrying a wand of iceblast (2) (severely wounded, will become an ooze, a worker ant, or a worm, chance to affect: 54%) Ijyb resists with significant effort.
Ijyb closely misses you.
Casting: Sandblast (safe; 1% risk of failure)
Confirm with . or Enter, or press ? or * to list all spells.
Aiming: Sandblast (safe; 1% risk of failure)
Press: ? - help, Shift-Dir - straight line, f/p - Ijyb
Aim: Ijyb, wielding a +0 dagger, wearing a +0 ring mail and carrying a wand of iceblast (2) (severely wounded, 22% to evade)
The blast of sand misses Ijyb.
Ijyb hits you but does no damage.
Casting: Sandblast (safe; 1% risk of failure)
Confirm with . or Enter, or press ? or * to list all spells.
Aiming: Sandblast (safe; 1% risk of failure)
Press: ? - help, Shift-Dir - straight line, f/p - Ijyb
Aim: Ijyb, wielding a +0 dagger, wearing a +0 ring mail and carrying a wand of iceblast (2) (severely wounded, 22% to evade)
The blast of sand hits Ijyb.
Ijyb is severely wounded.
A leopard gecko skeleton comes into view.
Ijyb hits you with a +0 dagger.
You die...

.........# #.##.#
###......###############.##.#####
..'......+......................>
###......####.##########.##.####.
##.....+........)......##.# #.
#.....####.#############.# #.
#....)# #.# ....... #.####.
#.###.####.###....... #...... #.#
#.......(@g...... ####### #.#
######.###)...... #.# #.# .......
#.# #.# ....... #. #.# .......
#.# ....... #.# .####.. #.# Z# ##


You could see Ijyb and a leopard gecko skeleton.

Vanquished Creatures
  An ogre (D:4)
  2 worker ants (D:4)
  3 gnolls (D:4)
  6 adders
  An ooze (D:3)
  3 worms
  4 leopard geckos
  4 orcs (D:3)
  5 bats
  3 giant cockroaches
  6 goblins
  9 hobgoblins
  7 jackals
  9 kobolds
  A quokka (D:2)
  2 ball pythons
  3 frilled lizards
  8 rats
77 creatures vanquished.

Notes
Turn   | Place    | Note
-------+----------+-------------------------------------------
     0 | D:1      | Johnny the Deep Elf Earth Elementalist began the quest for
                  | the Orb.
     0 | D:1      | Reached XP level 1. HP: 10/10 MP: 6/6
   327 | D:1      | Reached XP level 2. HP: 15/15 MP: 5/8
   736 | D:1      | Reached skill level 4 in Spellcasting
  1583 | D:2      | Reached XP level 3. HP: 19/19 MP: 7/10
  2450 | D:2      | Reached skill level 5 in Spellcasting
  2450 | D:2      | Reached XP level 4. HP: 16/24 MP: 11/13
  2599 | D:2      | Found a radiant altar of Vehumet.
  3191 | D:3      | Found a shimmering altar of Xom.
  3192 | D:3      | Found an opulent altar of Gozag.
  4066 | D:3      | Found an ancient bone altar of Kikubaaqudgha.
  4066 | D:3      | Found a sacrificial altar of Ru.
  4069 | D:3      | Found an ornate altar of the Wu Jian Council.
  4070 | D:3      | Found a broken altar of Ashenzari.
  4073 | D:3      | Found a basalt altar of Yredelemnul.
  4132 | D:4      | Reached XP level 5. HP: 24/28 MP: 10/15
  4373 | D:4      | Reached skill level 6 in Spellcasting
  4415 | D:4      | Noticed an ogre
  4421 | D:4      | Killed an ogre
  4422 | D:4      | Reached skill level 1 in Shields
  4475 | D:4      | Reached XP level 6. HP: 32/32 MP: 17/17
  4547 | D:4      | Noticed Ijyb
  4553 | D:4      | Slain by Ijyb

Illustrated notes

Levels and vault maps discovered:
D:1:      dpeg_arrival_arbitrary_c, layout_basic
D:2:      layout_basic, lemuel_coloured_pillars_altar
D:3:      corexii_shack_village, layout_loops_cross, minitemple,
          gammafunk_temple_overflow_statue
D:4:      layout_basic, minmay_misc_feat_more_columns, uniq_sigmund, uniq_ijyb

Skill      XL: |  1  2  3  4  5 |
---------------+----------------+-----
Spellcasting   | 4 5 6 |  6.9
Stealth        | 3 4 |  4.6
Shields        | 1 |  1.4
Dodging        | |  2.4
Transmutations | |  1.1
Earth Magic    | |  3.7

Action                   |  1- 3 |  4- 6 || total
-------------------------+-------+-------++-------
Melee: Unarmed           |     3 |       ||     3
       Dagger            |    38 |    52 ||    90
 Cast: Sandblast         |    44 |    32 ||    76
Evoke: Wand              |       |     5 ||     5
  Use: Potion            |       |     3 ||     3
 Stab: Sleeping          |     4 |     8 ||    12
Armor: Robe              |    16 |    18 ||    34
Dodge: Dodged            |    38 |    49 ||    87

Table legend: (Time is in decaauts)
 A = Elapsed time spent in this place.
 B = Non-inter-level travel time spent in this place.
 C = Inter-level travel time spent in this place.
 D = Time resting spent in this place.
 E = Time spent auto-exploring this place.
 F = Levels seen in this place.
 G = Mean time per level.
                   A        B        C        D        E       F      G
               +--------+--------+--------+--------+--------+-----+--------+
         Total |   4550 |   4417 |    133 |    678 |   3276 |   4 | 1137.5 |
       Dungeon |   4550 |   4417 |    133 |    678 |   3276 |   4 | 1137.5 |
               +--------+--------+--------+--------+--------+-----+--------+

Top non-repeatable levels by time:
     D:1: 1574 daAuts
     D:2: 1345 daAuts
     D:3: 1194 daAuts
     D:4: 436 daAuts
